 Dungeon Crawl Stone Soup version 0.17.1-1-g73c8601 (webtiles) character file.

261 Kartoffel the Cudgeler (level 5, 0/41 HPs)
             Began as a Demonspawn Fighter on Dec 23, 2015.
             Was an Initiate of Okawaru.
             Slain by Sigmund
             ... wielding a +0 scythe
              (5 damage)
             ... on level 3 of the Dungeon.
             The game lasted 00:05:20 (2077 turns).

Kartoffel the Cudgeler (Demonspawn Fighter)         Turns: 2077, Time: 00:05:20

Health: 0/41       AC: 12    Str: 17    XL:     5   Next: 96%
Magic:  5/5        EV:  7    Int:  9    God:    Okawaru [......]
Gold:   153        SH:  9    Dex: 13    Spells: 0 memorised, 4 levels left

rFire  . . .     SeeInvis .     a - +0 flail
rCold  + + .     Clarity  .     b - +3 scale mail
rNeg   . . .     SustAt   .     c - +0 shield
rPois  .         Gourm    .     (no helmet)
rElec  .         Spirit   .     h - +0 cloak
rCorr  .         Warding  .     (no gloves)
rMut   .         Stasis   .     q - +0 pair of boots
MR     .....                    (no amulet)
Stlth  ..........               (no ring)
                                f - ring of protection from cold

@: not resistant to hostile enchantments, extremely unstealthy
A: cold resistance 1, powered by pain 1
a: Renounce Religion


You were on level 3 of the Dungeon.
You worshipped Okawaru.
Okawaru was noncommittal.
You were not hungry.

You visited 1 branch of the dungeon, and saw 3 of its levels.

You collected 153 gold pieces.

Inventory:

Hand Weapons
 a - a +0 flail (weapon)
Missiles
 g - 150 stones (quivered)
Armour
 b - a +3 scale mail (worn)
 c - a +0 shield (worn)
 h - a +0 cloak (worn)
 q - a +0 pair of boots (worn)
 t - a +0 pair of gloves
Jewellery
 f - a ring of protection from cold (left hand)
 m - an uncursed ring of protection from cold
Wands
 o - a wand of slowing (13)
 s - a wand of draining (4)
Potions
 d - a potion of might
 k - 2 potions of curing
 l - 2 potions of resistance {unknown}
 p - a potion of ambrosia {unknown}
Comestibles
 e - 4 bread rations
 i - a slice of pizza
 j - 6 fruits
 n - 2 meat rations
 r - a beef jerky


   Skills:
 - Level 3.0 Fighting
 * Level 4.4 Maces & Flails
 + Level 4.1 Armour
 - Level 3.0 Shields


You had 4 spell levels left.
You didn't know any spells.

Dungeon Overview and Level Annotations

Branches:
Dungeon (3/15)

Altars:
Cheibriados
Okawaru
Yredelemnul

Annotations:
D:3 Sigmund


Innate Abilities, Weirdness & Mutations

Your flesh is cold resistant.
You sometimes gain a little power by taking damage.


Message History

The adder bites you. Something hits you.
You hit the adder.
The adder is heavily wounded.
The adder bites you but does no damage.
You thump the adder!
You kill the adder!
Okawaru accepts your kill. Something hits you!
The adder bites you but does no damage.
You miss the adder. You block the adder's attack.
Something hits you but does no damage.
You hit the adder.
The adder is moderately wounded.
The adder bites you but does no damage. The adder bites you.
* * * LOW HITPOINT WARNING * * *
Something hits you.
* * * LOW HITPOINT WARNING * * *
You barely miss the adder.
The adder is moderately wounded.
The adder bites you but does no damage. Something hits you.
You die...

#.# #..# #.#.##### #..#
#.#.##... #..# #.#.##...
#..# ### #.#.##..# #...
..# #.#.##... #..# #.#
#.#.##...
#.{####.#####....)...
#..S@...........####.
.......#####.##.##.###....
###.##.#####.##.##.##.....
#.......................
.#.#########..####..... ##
##.# ##.รท.. #.# ##.#. ..#
#... ### #...


You could see an adder.

Vanquished Creatures
  The ghost of Zellion the Charmwright, an amateur HESk (D:3)
  An orc priest (D:3)
  Robin (D:3)
  6 adders
  A gnoll (D:3)
  An ooze (D:1)
  A worm (D:3)
  5 orcs (D:3)
  A ball python (D:2)
  4 bats
  5 giant cockroaches
  12 hobgoblins
  2 giant geckos
  6 giant newts
  12 goblins
  7 kobolds
  A quokka (D:2)
  11 rats
78 creatures vanquished.

Notes
Turn   | Place    | Note
--------------------------------------------------------------
     0 | D:1      | Kartoffel the Demonspawn Fighter began the quest for the Orb.
     0 | D:1      | Reached XP level 1. HP: 18/18 MP: 1/1
   143 | D:1      | Gained mutation: You sometimes gain a little power by taking damage. [demonic ancestry]
   143 | D:1      | Reached XP level 2. HP: 21/24 MP: 2/2
   532 | D:1      | Gained mutation: Your flesh is cold resistant. [demonic ancestry]
   532 | D:1      | Reached XP level 3. HP: 29/29 MP: 3/3
   862 | D:2      | Reached XP level 4. HP: 35/35 MP: 4/4
  1317 | D:2      | Found a basalt altar of Yredelemnul.
  1318 | D:2      | Found an iron altar of Okawaru.
  1404 | D:2      | Became a worshipper of Warmaster Okawaru
  1484 | D:3      | Noticed Zellion's ghost (amateur HESk)
  1486 | D:3      | Noticed Robin
  1490 | D:3      | Killed Zellion's ghost
  1490 | D:3      | Reached skill level 4 in Maces & Flails
  1490 | D:3      | Reached XP level 5. HP: 38/41 MP: 5/5
  1506 | D:3      | Killed Robin
  1985 | D:3      | Found a snail-covered altar of Cheibriados.
  2044 | D:3      | Noticed Sigmund
  2077 | D:3      | Slain by Sigmund

Action                   |  1- 3 |  4- 6 || total
-------------------------+-------+-------++-------
Melee: Flail             |   140 |   166 ||   306
Throw: Stone             |       |     4 ||     4
  Use: Scroll            |     2 |     6 ||     8
  Eat: Chunk             |       |     1 ||     1
       Bread ration      |       |     1 ||     1
